 Dungeon Crawl Stone Soup version 0.20-a0-9-g62d82d9 (webtiles) character file.

4099 Naow the Cleaver (level 10, -5/141 HPs)
             Began as a Minotaur Berserker on Nov 1, 2016.
             Was an Elder of Trog.
             Slain by an orc warrior
             ... wielding a +0 trident
              (6 damage)
             ... on level 9 of the Dungeon.
             The game lasted 00:12:56 (6299 turns).

Naow the Cleaver (Minotaur Berserker)               Turns: 6299, Time: 00:12:56

Health: -5/141     AC: 13    Str: 29    XL:     10   Next: 6%
Magic:  9/9        EV:  8    Int:  6    God:    Trog [****..]
Gold:   518        SH:  0    Dex: 13    Spells: 0 memorised, 9 levels left

rFire  . . .     SeeInvis +     D - +7 long sword of Fee Simple {slice, Dex+4 Stlth+}
rCold  . . .     Gourm    +     k - +0 plate armour
rNeg   . . .     Faith    .     (no shield)
rPois  .         Spirit   .     (helmet restricted)
rElec  .         Reflect  .     (no cloak)
rCorr  .         Harm     .     o - +0 pair of gloves
MR     ++...                    u - +0 pair of boots
Stlth  ..........               s - amulet of the gourmand
                                C - ring of see invisible
                                H - ring of flight

@: berserking, regenerating, very quick
A: retaliatory headbutt, horns 2
a: Berserk, Trog's Hand, Brothers in Arms, Burn Spellbooks, Renounce Religion,
Evoke Flight


You were on level 9 of the Dungeon.
You worshipped Trog.
Trog was greatly pleased with you.
You were very full.

You visited 1 branch of the dungeon, and saw 9 of its levels.

You collected 611 gold pieces.
You spent 93 gold pieces at shops.

Inventory:

Hand Weapons
 a - a +0 hand axe
 D - the +7 long sword of Fee Simple (weapon) {slice, Dex+4 Stlth+}
   (You took it off an orc wizard on level 5 of the Dungeon)

   It inflicts extra damage upon your enemies.
   It affects your dexterity (+4).
   It makes you more stealthy.
 J - a +0 hand axe of venom
Armour
 b - a +0 animal skin
 k - a +0 plate armour (worn)
 o - a +0 pair of gloves (worn)
 u - a +0 pair of boots (worn)
Magical Staves
 K - an uncursed staff of earth {unknown}
Jewellery
 s - an amulet of the gourmand (around neck)
 w - an uncursed ring of ice
 C - a ring of see invisible (right hand)
 E - a cursed ring of teleportation {unknown}
 H - a ring of flight (left hand)
 O - a cursed ring of teleportation {unknown}
Wands
 f - a wand of enslavement (14/24)
 I - a wand of paralysis (11/24)
 M - a wand of enslavement (6/24)
 N - a wand of digging (11/24)
Scrolls
 e - 6 scrolls of identify
 i - 3 scrolls of fog {unknown}
 j - 3 scrolls of magic mapping
 l - 6 scrolls of amnesia {unknown}
 n - 4 scrolls of recharging {unknown}
 p - 2 scrolls of enchant weapon {unknown}
 r - 3 scrolls of immolation {unknown}
 y - 5 scrolls of remove curse
 z - 3 scrolls of teleportation {unknown}
 L - a scroll of blinking {unknown}
Potions
 d - a potion of ambrosia
 m - 2 potions of degeneration
 q - a potion of lignification {unknown}
 v - a potion of agility
 A - a potion of brilliance {unknown}
 B - a potion of cancellation {unknown}
 F - a potion of haste {unknown}
 G - a potion of mutation {unknown}
 Q - a potion of curing
Comestibles
 c - 5 bread rations
 g - 4 meat rations
 h - 2 slices of pizza
 t - 9 royal jellies
 x - 2 beef jerkies
 P - 3 chunks of flesh


   Skills:
 + Level 10.4 Fighting
 * Level 14.1 Axes
 - Level 2.6 Armour
 - Level 2.2 Dodging


You had 9 spell levels left.
You didn't know any spells.

Dungeon Overview and Level Annotations

Branches:
Dungeon (9/15)             Temple (0/1) D:7            Lair (0/6) D:9
    Orc: D:9-12

Altars:
Cheibriados
Kikubaaqudgha
Nemelex Xobeh
Ru
Trog
The Shining One

Shops:
D:5 :   D:6 ?


Innate Abilities, Weirdness & Mutations

You reflexively headbutt those who attack you in melee.
You have a pair of horns on your head.


Message History

* * * LOW HITPOINT WARNING * * *
The orc hits you but does no damage.
A red film seems to cover your vision as you go berserk!
You feel yourself moving faster!
You feel mighty!
You feel quite a bit less full. The warg bites you but does no damage.
The orc warrior hits you from afar with a trident!
* * * LOW HITPOINT WARNING * * *
The orc hits you but does no damage. The warg bites you!
* * * LOW HITPOINT WARNING * * *
The warg bites you!
* * * LOW HITPOINT WARNING * * *
You slash the orc!
You kill the orc!
Trog accepts your kill.
Your polar bear bites the warg!!
Your polar bear claws the warg!
Your polar bear claws the warg.
The orc hits you with a club.
* * * LOW HITPOINT WARNING * * *
The warg bites you but does no damage.
The orc warrior hits you from afar with a trident.
You die...

####.##.##.#
...........#
##..##.#### ###
#.###.### #...
#.......# ##..(.
######.####......
..........#.......
#########.hhP.....
#.@ho...>.
##.o.[....
##[..P... #......
##.... ###
##.###.# #. . ..#
#. #.# #.
#######.#####.


You could see 2 wargs, an orc warrior, an orc and a friendly polar bear
(berserk).

Vanquished Creatures
  Pikel (D:7)
  Joseph (D:8)
  A queen bee (D:9)
  A hungry ghost (D:8)
  3 orc warriors (D:8)
  An ice beast (D:5)
  A black bear (D:6)
  A necrophage (D:7)
  2 phantoms (D:8)
  2 ogres (D:8)
  2 centaurs
  A big kobold (D:8)
  2 bullfrogs (D:6)
  2 scorpions
  10 killer bees (D:9)
  A crimson imp (D:9)
  A centaur zombie (D:5)
  3 hounds
  10 orc wizards
  5 orc priests
  2 jellies
  A centaur skeleton (D:6)
  An iguana (D:9)
  Ijyb (D:2)
  Natasha (thrice) (D:3)
  3 worker ants
  A howler monkey skeleton (D:7)
  9 adders
  An ooze (D:4)
  2 worms
  2 dart slugs
  5 leopard geckos
  22 orcs
  2 ball pythons
  5 giant cockroaches
  9 goblins
  10 hobgoblins
  9 jackals
  12 kobolds
  A quokka (D:2)
  9 bats
  4 frilled lizards
  A jackal skeleton (D:4)
  A quokka skeleton (D:5)
  5 rats
172 creatures vanquished.

Vanquished Creatures (collateral kills)
  A necrophage (D:9)
  An ogre (D:7)
  A scorpion (D:7)
  3 killer bees (D:9)
  A hound (D:7)
7 creatures vanquished.

Vanquished Creatures (others)
  3 slaves (D:7)
  A hound (D:7)
  A worker ant (D:7)
5 creatures vanquished.

Grand Total: 184 creatures vanquished

Notes
Turn   | Place    | Note
-------+----------+-------------------------------------------
     0 | D:1      | Naow the Minotaur Berserker began the quest for the Orb.
     0 | D:1      | Reached XP level 1. HP: 19/19 MP: 0/0
   158 | D:1      | Reached XP level 2. HP: 24/27 MP: 1/1
   172 | D:1      | Reached skill level 4 in Axes
   669 | D:2      | Reached XP level 3. HP: 28/33 MP: 2/2
   678 | D:2      | Reached ** piety under Trog
   756 | D:2      | Noticed Ijyb
   765 | D:2      | Killed Ijyb
   765 | D:2      | Reached skill level 5 in Axes
   765 | D:2      | Reached XP level 4. HP: 28/41 MP: 3/3
  1262 | D:2      | Reached XP level 5. HP: 41/47 MP: 4/4
  1278 | D:3      | Reached skill level 5 in Fighting
  1278 | D:3      | Reached skill level 6 in Axes
  1399 | D:3      | Noticed Natasha
  1406 | D:3      | Killed Natasha
  1476 | D:3      | Noticed Natasha
  1480 | D:3      | Killed Natasha
  1559 | D:3      | Reached *** piety under Trog
  1746 | D:3      | Found a glowing golden altar of the Shining One.
  1746 | D:3      | Found a sparkling altar of Nemelex Xobeh.
  1746 | D:3      | Found a bloodstained altar of Trog.
  1795 | D:3      | Found a faded altar of an unknown god.
  1798 | D:3      | Noticed Natasha
  1800 | D:3      | Killed Natasha
  1800 | D:3      | Reached skill level 7 in Axes
  1800 | D:3      | Reached XP level 6. HP: 56/56 MP: 5/5
  2203 | D:4      | Found an ancient bone altar of Kikubaaqudgha.
  2845 | D:5      | Entered Level 5 of the Dungeon
  2863 | D:5      | HP: 3/84 [centaur/enchanted shortbow (5)]
  2865 | D:5      | HP: 1/84 [centaur/enchanted shortbow (3)]
  3173 | D:5      | Reached skill level 8 in Axes
  3201 | D:5      | Noticed an ice beast
  3207 | D:5      | Killed an ice beast
  3207 | D:5      | Reached **** piety under Trog
  3207 | D:5      | Reached XP level 7. HP: 63/63 MP: 6/6
  3223 | D:5      | Got a dazzling long sword {slice}
  3224 | D:5      | Identified the +7 long sword of Fee Simple {slice, Dex+4 Stlth+} (You took it off an orc wizard on level 5 of the Dungeon)
  3320 | D:5      | Found Newien's Book Emporium.
  3544 | D:5      | You fall through a shaft!
  3550 | D:6      | Reached skill level 9 in Axes
  3667 | D:6      | Reached XP level 8. HP: 73/73 MP: 7/7
  3695 | D:6      | Reached skill level 10 in Axes
  3798 | D:6      | Found Rozy's Magic Scroll Shoppe.
  3806 | D:6      | Bought a scroll of magic mapping for 38 gold pieces
  3806 | D:6      | Bought a scroll of remove curse for 33 gold pieces
  3806 | D:6      | Bought a scroll of identify for 22 gold pieces
  3853 | D:6      | Found a sacrificial altar of Ru.
  4185 | D:7      | Noticed Pikel
  4197 | D:7      | Killed Pikel
  4197 | D:7      | Reached skill level 11 in Axes
  4233 | D:7      | Found a staircase to the Ecumenical Temple.
  4692 | D:8      | Noticed Joseph
  4700 | D:8      | Killed Joseph
  4700 | D:8      | Reached skill level 12 in Axes
  4700 | D:8      | Reached XP level 9. HP: 54/82 MP: 8/8
  5695 | D:8      | Reached skill level 13 in Axes
  5717 | D:8      | Found a snail-covered altar of Cheibriados.
  5984 | D:9      | Reached skill level 10 in Fighting
  6102 | D:9      | Noticed a queen bee
  6107 | D:9      | Killed a queen bee
  6112 | D:9      | Reached XP level 10. HP: 91/94 MP: 9/9
  6116 | D:9      | Reached skill level 14 in Axes
  6291 | D:9      | Found a staircase to the Lair.
  6298 | D:9      | HP: 4/141 [warg (12)]
  6299 | D:9      | HP: 1/141 [orc/club (5)]
  6299 | D:9      | Slain by an orc warrior

Vault maps used:
D:1:      eino_arrival_water_cross
D:2:      first_bread, uniq_iyjb
D:3:      gammafunk_temple_overflow_forgotten, ecumenical_altar_1, st_stairs_11,
          kennysheep_generic_room_3, uniq_natasha
D:4:      kennysheep_mini_moat
D:5:      serial_shops, shop, hex_tiny
D:6:      serial_shops, shop, nicolae_ru_great_annihilating_truth
D:7:      st_stairs_11, uniq_pikel
D:8:      cheibriados_altar_1, uniq_joseph
D:9:      cheibrodos_histonic, minitemple, erik_lair_orcish_takeover,
          david_nohive_1

Skill      XL: |  1  2  3  4  5  6  7  8  9 10 |
---------------+-------------------------------+-----
Axes           | 4 5 7 8 9 12 13 14 | 14.1
Fighting       | 4 5 6 7 8 10 | 10.4
Armour         | |  2.6
Dodging        | |  2.2

Action                   |  1- 3 |  4- 6 |  7- 9 | 10-12 || total
-------------------------+-------+-------+-------+-------++-------
Melee: Hand axe          |    50 |   138 |     5 |       ||   193
       Headbutt          |    14 |    25 |    42 |     2 ||    83
       Long sword        |       |       |   155 |    17 ||   172
Invok: Berserk           |       |     5 |     6 |     1 ||    12
       Trog's Hand       |       |       |     8 |     1 ||     9
       Brothers in Arms  |       |       |     2 |     1 ||     3
  Use: Potion            |       |       |     8 |       ||     8
 Stab: Sleeping          |       |     1 |     3 |       ||     4
       Paralysed         |       |       |     1 |       ||     1
  Eat: Chunk             |       |    24 |    31 |     2 ||    57
Armor: Animal skin       |     7 |    30 |    28 |       ||    65
       Plate armour      |       |       |    47 |    21 ||    68
Dodge: Dodged            |    43 |   100 |   126 |    16 ||   285
       Rpst.: Long sword |       |       |    28 |     4 ||    32
